 Dungeon Crawl Stone Soup version 0.29.0-11-gd7f09526c8 (webtiles) character file.

Game seed: 14997968238908212148

110235 mdonais the Marksoctopus (level 16, -5/107 HPs)
             Began as an Octopode Brigand on Sept 4, 2022.
             Was the Champion of Hepliaklqana.
             Slain by Donald
             ... wielding a +0 eveningstar
              (23 damage)
             ... on level 1 of the Orcish Mines.
             The game lasted 02:05:13 (27734 turns).

mdonais the Marksoctopus (Octopode Brigand)        Turns: 27734, Time: 02:05:13

Health: -5/107     AC: -1    Str: 11    XL:     16   Next: 54%
Magic:  0/23       EV: 28    Int: 26    God:    Hepliaklqana [******]
Gold:   2506       SH:  0    Dex: 20    Spells: 16/25 levels left

rFire   + + .      SeeInvis +   a - +4 longbow (elec)
rCold   + + .      Faith    .   (shield currently unavailable)
rNeg    + . .      Spirit   +   A - -2 hat of the Alchemist {rElec rPois rF+ rC+ rN+ Will+ rMut rCorr}
rPois   +          Reflect  .   i - amulet of guardian spirit
rElec   +          Harm     .   g - ring of resist corrosion
rCorr   +          Rampage  .   j - +6 ring of intelligence
rMut    +                       k - +4 ring of evasion
Will    ++...                   s - ring of see invisible
Stlth   +++++.....              P - +6 ring of intelligence
HPRegen 0.27/turn               X - ring of protection from cold
MPRegen 0.18/turn               N - +4 ring of evasion
                                f - ring of protection from fire

@: on blink cooldown
A: reduced essence, almost no armour, amphibious, 8 rings, camouflage 1,
gelatinous body 1, (nimble swimmer 1), tentacles, screaming 1
a: Renounce Religion, Recall Ancestor, Ancestor Identity, Transference, Idealise


You were on level 1 of the Orcish Mines.
You worshipped Hepliaklqana.
Hepliaklqana was exalted by your worship.
You visited 4 branches of the dungeon, and saw 23 of its levels.
You visited the Abyss 1 time.
You also visited: Bailey, Gauntlet and Volcano.

You collected 2506 gold pieces.

Inventory:

Hand Weapons
 a - a +4 longbow of electrocution (weapon)
   (You found it in a volcano)
 b - the +11 scimitar of Pemaraapod {freeze, rPois}
   (You took it off a minotaur in a Gauntlet)

   It freezes those it strikes, dealing additional cold damage.
   It can also slow down cold-blooded creatures.
   rPois:     It protects you from poison.
Missiles
 v - 9 javelins
 F - 9 curare-tipped darts
 G - 4 datura-tipped darts
 J - 8 atropa-tipped darts
 Z - 7 throwing nets {=!f}
Armour
 A - the -2 hat of the Alchemist (worn) {rElec rPois rF+ rC+ rN+ Will+ rMut rCorr}
   (You found it in a Gauntlet)

   rF:        It protects you from fire.
   rC:        It protects you from cold.
   rElec:     It insulates you from electricity.
   rPois:     It protects you from poison.
   rN:        It protects you from negative energy.
   rCorr:     It protects you from acid and corrosion.
   rMut:      It protects you from mutation.
   Will:      It increases your willpower.
Jewellery
 f - a ring of protection from fire (on tentacle)
   (You took it off a minotaur in a Gauntlet)
 g - a ring of resist corrosion (left tentacle)
   (You found it on level 1 of the Dungeon)
 i - an amulet of guardian spirit (around mantle)
   (You found it on level 1 of the Dungeon)
 j - a +6 ring of intelligence (right tentacle)
   (You found it on level 2 of the Dungeon)
 k - a +4 ring of evasion (on tentacle)
   (You found it on level 4 of the Dungeon)
 s - a ring of see invisible (on tentacle)
   (You found it on level 6 of the Dungeon)
 N - a +4 ring of evasion (on tentacle)
   (You found it on level 13 of the Dungeon)
 P - a +6 ring of intelligence (on tentacle)
   (You found it on level 2 of the Lair of Beasts)
 X - a ring of protection from cold (on tentacle)
   (You found it on level 4 of the Lair of Beasts)
Wands
 q - a wand of roots (23)
   (You took it off Duvessa on level 5 of the Dungeon)
 z - a wand of charming (20)
   (You found it on level 7 of the Dungeon)
 D - a wand of digging (13)
   (You took it off an orc warrior on level 6 of the Dungeon)
 S - a wand of quicksilver (3)
   (You found it on level 14 of the Dungeon)
 V - a wand of flame (60)
   (You found it on level 3 of the Dungeon)
Scrolls
 c - a scroll of enchant weapon
 l - a scroll of butterflies
 m - 2 scrolls of silence
 n - 7 scrolls of immolation
 p - a scroll of poison
 w - 3 scrolls of fear
 y - 2 scrolls of vulnerability
 B - 2 scrolls of blinking
 C - 3 scrolls of enchant armour
 M - 5 scrolls of magic mapping
 O - 2 scrolls of summoning
 R - 2 scrolls of brand weapon
 T - 10 scrolls of teleportation
Potions
 d - 2 potions of berserk rage
 e - 4 potions of brilliance
 o - 6 potions of lignification
 r - 10 potions of heal wounds
 u - a potion of ambrosia
 x - 3 potions of attraction
 E - a potion of might
 H - 6 potions of haste
 K - 2 potions of mutation
 L - 2 potions of cancellation
 Q - 11 potions of curing
 W - 4 potions of magic
 Y - 2 potions of resistance
Miscellaneous
 h - a condenser vane (inert)
   (You found it in a volcano)
 U - a phial of floods
   (You found it on level 14 of the Dungeon)


   Skills:
 + Level 14.0 Fighting
 - Level 2.0(3.7) Short Blades
 - Level 4.9(5.1) Long Blades
 + Level 16.0 Ranged Weapons
 - Level 2.0 Throwing
 + Level 9.8 Dodging
 - Level 8.0 Stealth
 - Level 5.0 Spellcasting
 + Level 6.1 Conjurations
 - Level 4.0 Summonings
 + Level 6.1 Translocations
 + Level 8.3 Invocations
 - Level 7.0 Evocations


You had 16 spell levels left.
You knew the following spells:

 Your Spells              Type           Power      Damage    Failure   Level
a - Iskenderun's Mystic   Conj/Tloc      38%        2d9       6%          4
b - Blink                 Tloc           76%        N/A       1%          2
c - Call Canine Familiar  Summ           27%        N/A       4%          3

Your spell library contained the following spells:

 Spells                   Type           Power      Damage    Failure   Level
 Magic Dart               Conj           100%       1d8       1%          1
 Summon Small Mammal      Summ           100%       N/A       1%          1
 Lesser Beckoning         Tloc           38%        N/A       1%          3
 Call Imp                 Summ           27%        N/A       2%          2
 Dazzling Flash           Conj/Hex       44%        N/A       6%          3
 Stone Arrow              Conj/Erth      44%        3d9       6%          3
 Sandblast                Erth           12%        2d6       8%          1
 Slow                     Hex            24%        N/A       8%          1
 Mephitic Cloud           Conj/Pois/Air  17%        N/A       10%         3
 Passwall                 Tmut/Erth      5%         N/A       12%         2
 Manifold Assault         Tloc           38%        N/A       17%         5
 Confusing Touch          Hex            6%         N/A       22%         3
 Vampiric Draining        Necr           6%         2d6       22%         3
 Flame Wave               Conj/Fire      22%        2d8       22%         4
 Hailstorm                Conj/Ice       22%        3d7       22%         4
 Cause Fear               Hex            3%         N/A       58%         4
 Ice Form                 Ice/Tmut       6%         N/A       58%         4
 Petrify                  Tmut/Erth      6%         N/A       58%         4
 Metabolic Englaciation   Hex/Ice        3%         N/A       91%         5
 Starburst                Conj/Fire      11%        6d5       97%         6
 Simulacrum               Ice/Necr       3%         N/A       100%        6
 Statue Form              Tmut/Erth      4%         N/A       100%        6
 Dragon Form              Tmut           3%         N/A       100%        7
 Lehudib's Crystal Spear  Conj/Erth      11%        10d4      100%        8
 Dragon's Call            Summ           13%        N/A       100%        9
 Animate Armour           Summ/Erth      Unusable   N/A       N/A         4

Dungeon Overview and Level Annotations

Branches:
Dungeon (15/15) Zot: 26109  Temple (1/1) D:7 Zot: 5969    Lair (5/5) D:11 Zot: 23241
 Shoals (0/4) Lair:2       Spider (0/4) Lair:2        Slime (0/5) Lair:5
    Orc (2/2) D:9 Zot: 11591  Vaults (0/5) D:13         Depths (0/4) D:15
 Bailey (visited)         Volcano (visited)         Gauntlet (visited)
    Elf: Orc:2

Altars:
Ashenzari
Cheibriados
Dithmenos
Elyvilon
Fedhas
Gozag
Hepliaklqana
Kikubaaqudgha
Makhleb
Nemelex Xobeh
Okawaru
Qazlal
Ru
Sif Muna
Trog
Uskayaw
Vehumet
Wu Jian
Xom
Yredelemnul
Zin
The Shining One
Jiyva

Shops:
D:1 [([

Portals:
Trove: D:14 (show slimy rune of Zot)

Annotations:
Temple 2 transporters
Lair:3 3 runed translucent doors, Ixoagrun's ghost, journeyman MiFi
Orc:1 Donald


Innate Abilities, Weirdness & Mutations

Your life essence is reduced to manifest your ancestor. (-10% HP)
You cannot wear most types of armour.
You are amphibious.
You can wear up to eight rings at the same time.
Your skin changes colour to match your surroundings (Stealth+).
Your rubbery body absorbs attacks. (AC +1, EV +1)
((You are camouflaged when in or above water. (Stealth+)))
You have tentacles for arms and can constrict up to eight enemies at once.
You occasionally shout uncontrollably at your foes.


Message History

You destroy Roxanne!
No target in view!
You pick up a book of Sloth and begin reading...
You add the spells Petrify, Metabolic Englaciation and Statue Form to your library.
You now have 2475 gold pieces (gained 13).
You now have 2490 gold pieces (gained 15).
Q - 11 potions of curing (gained 1)
You see here a scroll of amnesia.
Found an opulent altar of Gozag.
Found a robe.
Found a short sword.
H - 6 potions of haste (gained 1)
You now have 2506 gold pieces (gained 16).
Found 2 stones.
You see here the +5 ring mail "Puuzxer" {Drain rCorr Str+2}.
Done exploring.
Done exploring.
Done exploring.
Search for what [Enter for "."]? jewellery Unknown command.
Done exploring.
Done exploring.
Done exploring.
Done exploring.
Done exploring.
Unknown command.
(D) Dungeon (T) Temple (L) Lair (A) Shoals (N) Spider Nest (M) Slime Pits (O) Orcish Mines (V) Vaults (U) Depths
Where to? (Enter - D:15, ? - help)
What level of the Orcish Mines? (default 1, ? - help)
Things that are here:
a +0 short sword; a +0 trident; a +0 mace
There is a stone staircase leading up here.
You climb upwards.
There is a stone staircase leading down here.
There is an open door here.
There is a stone staircase leading up here.
You climb upwards.
There is a stone staircase leading down here.
There is an open door, spattered with blood here.
There is a stone staircase leading up here.
You climb upwards.
There is a stone staircase leading down here.
There is an open door here.
There is a stone staircase leading up here.
You climb upwards.
There is a stone staircase leading down here.
There is an open door here.
There is an open door here.
There is a stone staircase leading up here.
You climb upwards.
There is a stone staircase leading down here.
There is a stone staircase leading up, spattered with blood here.
You climb upwards.
There is a stone staircase leading down here.
You see here a scroll of noise.
There is a staircase to the Orcish Mines here.
You climb downwards.
Welcome back to the Orcish Mines!
Level annotation: exclusion: downstairs
There is a staircase back to the Dungeon here.
Things that are here:
a +0 chain mail; a +0 trident
There is a stone staircase leading down here.
Press: ? - help, v - describe, . - travel A stone staircase leading down.
Removed exclusion.
Unknown command.
Okay, then.
You climb downwards.
Level annotation: Donald The orc shouts!
The warg closely misses you. The warg completely misses you.
An orc comes into view. It is wielding a +0 hand axe.
The orc completely misses you. x2
Donald gestures wildly while chanting.
Donald seems to speed up.
The warg completely misses you. The warg bites you!
There is a stone staircase leading up, spattered with blood here.
You take 6 damage, and have 101/107 hp.
You now have 21/23 mp.
Donald barely misses you. The orc hits you with a +0 dagger.
The orc completely misses you.
The orc priest looks encouraged for a moment.
The orc misses you. The orc completely misses you. The warg misses you.
The warg completely misses you. Donald misses you.
Actual Yermak barely misses the warg.
Actual Yermak hits the orc warrior with a +0 broad axe of flaming.
Actual Yermak burns the orc warrior.
Actual Yermak hits Donald with a +0 broad axe of flaming!
Actual Yermak burns Donald.
Actual Yermak misses the warg.
You climb upwards.
There is a stone staircase leading down here.
You take 2 damage, and have 99/107 hp.
Casting: Call Canine Familiar (mildly dangerous; 4% risk of failure)
Confirm with . or Enter, or press ? or * to list all spells.
You erupt in a blast of force!
The mystic blast hits the warg!
The warg is moderately wounded.
The warg is knocked back by the mystic blast.
The mystic blast hits the warg.
The warg is lightly wounded.
The warg is knocked back by the mystic blast.
The mystic blast hits the orc.
The orc is heavily wounded.
The orc is knocked back by the mystic blast.
The orc slams into the rock wall!
You kill the orc!
The mystic blast hits the orc!
You kill the orc!
The mystic blast hits the orc!
You kill the orc!
The mystic blast hits Donald!
Donald is moderately wounded.
Donald is knocked back by the mystic blast.
Actual Yermak avoids your attack.
Actual Yermak hits the warg with a +0 broad axe of flaming.
Actual Yermak burns the warg.
You now have 17/23 mp.
You shoot an arrow. The arrow hits the warg.
Lightning courses through the warg!
You kill the warg!
Donald casts a spell.
Donald seems to grow stronger.
You shoot an arrow. The arrow barely misses the warg.
The warg completely misses you.
Casting: Iskenderun's Mystic Blast (dangerous; 6% risk of failure)
Confirm with . or Enter, or press ? or * to list all spells.
You erupt in a blast of force!
The mystic blast hits the warg.
The warg is moderately wounded.
The warg is knocked back by the mystic blast.
The mystic blast hits Donald but does no damage.
Donald is moderately wounded.
Actual Yermak avoids your attack. Donald completely misses you.
Actual Yermak hits Donald but does no damage.
Donald hits you with a +0 eveningstar!!!
You take 35 damage, and have 65/107 hp.
MASSIVE DAMAGE!!
You now have 10/23 mp.
You shoot an arrow. The arrow hits Donald!
Lightning courses through Donald!!
Donald is severely wounded.
Actual Yermak hits Donald with a +0 broad axe of flaming!
Actual Yermak burns Donald.
Donald hits you with a +0 eveningstar!!!
* * * LOW HITPOINT WARNING * * *
You take 47 damage, and have 18/107 hp.
MASSIVE DAMAGE!!
You now have 3/23 mp.
Casting: Iskenderun's Mystic Blast (dangerous; 6% risk of failure)
Confirm with . or Enter, or press ? or * to list all spells.
You don't have enough magic to cast this spell.
Casting: Iskenderun's Mystic Blast (dangerous; 6% risk of failure)
Confirm with . or Enter, or press ? or * to list all spells.
You blink.
Donald says, "The people that built this place?
They must be crazy."
Donald hits you with a +0 eveningstar!!
You die...

##.#...).......#
#......[.[....##
##..##....#.....#
##...##.........##
#.....#......[[..#
##..........)##.##
##........h...#.##
##......#.)).R....#
#.......####.@@#..##
##..#...# #....#...#
####...####....#.##
##...# ###..###
##.## #...# ###
##.## ###


You could see the friendly Actual Yermak the knight, Donald (fast, strong, ally
target, reflecting) and a warg.

Vanquished Creatures
  A quicksilver dragon (shapeshifter) (Gauntlet)
  A tentacled starspawn (Abyss:2)
  Roxanne (D:15)
  A very ugly thing (Abyss:2)
  A spark wasp (shapeshifter) (Gauntlet)
  A minotaur (Gauntlet)
  Snorg (D:11)
  Josephine (Lair:5)
  A vault guard (D:13)
  A boulder beetle (D:15)
  3 centaur warriors
  2 two-headed ogres
  2 hydras
  Erica (D:9)
  7 death yaks
  A deep troll shaman (Lair:5)
  A tengu warrior (D:14)
  A sun demon (Abyss:2)
  The ghost of Lemondrips the Cleaver, a novice VSBe of Trog (D:10)
  A sixfirhy (Abyss:2)
  A wizard (D:14)
  A necromancer (D:15)
  A wolf spider zombie (D:15)
  2 deep elf pyromancers
  An orc knight (Bailey)
  3 ugly things (D:13)
  A will-o-the-wisp (Abyss:2)
  An orc sorcerer (D:15)
  A mana viper (Abyss:2)
  A cyclops (D:11)
  2 manticores
  4 elephants (Lair:5)
  A merfolk siren (Lair:2)
  3 black mambas
  An apocalypse crab (Abyss:2)
  2 naga magi (D:15)
  5 cane toads
  2 centaur skeletons
  Maggie (D:6)
  A rime drake (Lair:5)
  3 yaktaurs (D:15)
  A kobold demonologist (D:9)
  An unseen horror (D:13)
  7 komodo dragons
  An efreet (Volcano)
  A freezing wraith (D:14)
  A troll (D:9)
  Prince Ribbit (Lair:2)
  2 polar bears
  Grinder (D:4)
  A raiju (Abyss:2)
  3 blink frogs (Lair:2)
  A jumping spider (shapeshifter) (D:15)
  3 shadows
  6 flying skulls (Gauntlet)
  5 wraiths
  3 wyverns (D:11)
  A vampire (D:10)
  A fire elemental (Volcano)
  16 yaks
  4 basilisks
  2 steam dragons
  7 vampire mosquitoes
  2 wargs
  A spatial vortex (Abyss:2)
  2 acid dragons
  A swamp worm (Lair:2)
  12 water moccasins
  Duvessa (D:5)
  9 orc warriors
  An ice beast (D:7)
  4 black bears
  A sky beast (D:7)
  6 ogres
  18 wolves
  7 centaurs
  2 phantoms (D:9)
  13 kobold brigands
  7 bullfrogs
  Blork the orc (D:5)
  3 wights (D:6)
  5 small abominations
  Dowan (D:5)
  9 killer bees
  2 crimson imps (Abyss:2)
  2 starcursed masses (Abyss:2)
  2 hounds (D:6)
  7 jellies
  An iron imp (Abyss:2)
  Crazy Yiuf (D:6)
  3 orc priests
  3 hell rats (Lair:3)
  5 iguanas
  Ijyb (D:4)
  9 orc wizards
  2 ogre zombies (D:9)
  9 gnolls
  6 adders
  A shadow imp (D:7)
  A white imp (Abyss:2)
  3 worms
  2 dart slugs
  50 orcs
  4 ball pythons
  5 bats
  9 endoplasms
  A giant cockroach (D:1)
  10 goblins
  9 hobgoblins
  8 jackals
  3 quokkas
  3 frilled lizards
  A goblin skeleton (D:9)
  3 goblin zombies (D:9)
  A hobgoblin skeleton (D:9)
  A hobgoblin zombie (D:9)
  64 kobolds
  An orc skeleton (D:9)
  10 orc zombies (D:9)
  3 rats
  A lurking horror (Abyss:2)
490 creatures vanquished.

Vanquished Creatures (collateral kills)
  A lich (Abyss:2)
  Harold (Lair:2)
  A hydra (Lair:2)
  A centaur warrior (D:13)
  3 two-headed ogres
  A catoblepas (Lair:5)
  6 death yaks
  A wretched star (Abyss:2)
  A starcursed mass (Abyss:2)
  7 skeletal warriors
  Lodul (D:11)
  A deep elf pyromancer (D:15)
  2 cyclopes
  An ugly thing (D:13)
  A manticore (D:15)
  2 elephants (Lair:5)
  A cane toad (Lair:1)
  A centaur zombie (Abyss:2)
  A torpor snail (Lair:4)
  2 unseen horrors (D:12)
  A centaur skeleton (D:15)
  2 black mambas
  3 gargoyles
  A demonic crawler (Lair:2)
  5 komodo dragons
  A yaktaur (D:15)
  A rime drake (Lair:1)
  A kobold demonologist (D:11)
  A rime drake (shapeshifter) (Gauntlet)
  A queen bee (shapeshifter) (D:9)
  2 trolls
  A polar bear (Lair:5)
  3 large abominations
  A jumping spider (shapeshifter) (D:13)
  A flying skull (Gauntlet)
  A vampire (D:12)
  10 yaks
  A steam dragon (D:8)
  A yak (shapeshifter) (D:13)
  3 wraiths
  A vampire mosquito (D:14)
  A basilisk (Lair:3)
  A fire elemental (Volcano)
  A warg (Orc:2)
  3 swamp worms (Lair:2)
  4 water moccasins
  4 orc warriors
  3 ogres (D:11)
  7 wolves
  A phantom (D:9)
  3 bullfrogs
  4 killer bees
  A boggart zombie (D:15)
  An orc wizard (Orc:2)
  3 hell rats (Lair:3)
  4 ogre zombies (D:9)
  2 small abominations
  8 orcs
  5 kobolds (D:9)
  A goblin skeleton (D:9)
  An orc zombie (D:9)
136 creatures vanquished.

Vanquished Creatures (others)
  An orc warrior (D:9)
  A kobold brigand (D:9)
  An ancestor (D:8)
  13 knights
  2 kobolds (D:9)
  43 fungi
  62 plants
  2 starspawn tentacles (Abyss:2)
  2 withered plants (D:10)
127 creatures vanquished.

Grand Total: 753 creatures vanquished

Notes
Turn   | Place    | Note
-------+----------+-------------------------------------------
     0 | D:1      | mdonais the Octopode Brigand began the quest for the Orb.
     0 | D:1      | Reached XP level 1. HP: 14/14 MP: 1/1
    20 | D:1      | Found Eddaver's Weapon Emporium.
   122 | D:1      | Reached XP level 2. HP: 20/20 MP: 2/2
   146 | D:1      | Found Fago's Armour Emporium.
   225 | D:1      | Found Daola's Armour Boutique.
   334 | D:1      | Reached XP level 3. HP: 16/26 MP: 3/3
   637 | D:1      | Found a faded altar of an unknown god.
   928 | D:2      | Reached skill level 1 in Ranged Weapons
  1218 | D:2      | Reached XP level 4. HP: 33/33 MP: 4/4
  1223 | D:2      | Got Luxol's Handbook of Amassed Confrontation
  1226 | D:2      | Learned a level 1 spell: Summon Small Mammal
  1545 | D:2      | Found an opulent altar of Gozag.
  1858 | D:3      | Identified the +8 morningstar of Mag Deworo {holy, *Rage
                  | Str+3 Stlth+}
  2017 | D:3      | Reached XP level 5. HP: 38/38 MP: 5/5
  2142 | D:3      | Reached skill level 2 in Ranged Weapons
  2441 | D:4      | Noticed Ijyb
  2444 | D:4      | Killed Ijyb
  2611 | D:4      | You fall into a shaft and drop 2 floors!
  2695 | D:6      | Reached skill level 5 in Fighting
  2695 | D:6      | Reached skill level 1 in Spellcasting
  2837 | D:6      | Reached skill level 1 in Evocations
  2837 | D:6      | Reached XP level 6. HP: 20/45 MP: 1/8
  3037 | D:6      | Reached skill level 3 in Ranged Weapons
  3111 | D:6      | Noticed a two-headed ogre
  3152 | D:5      | Entered Level 5 of the Dungeon
  3296 | D:5      | Reached skill level 1 in Long Blades
  3516 | D:4      | Reached XP level 7. HP: 15/50 MP: 4/10
  3906 | D:4      | Found a white marble altar of Elyvilon.
  3999 | D:4      | Noticed Grinder
  4009 | D:4      | Killed Grinder
  4530 | D:4      | Reached skill level 4 in Ranged Weapons
  4530 | D:4      | Reached XP level 8. HP: 12/57 MP: 3/11
  5537 | D:5      | Noticed Duvessa
  5542 | D:5      | Noticed Dowan
  5545 | D:5      | Killed Duvessa
  5549 | D:5      | Killed Dowan
  6203 | D:5      | Noticed Blork the orc
  6208 | D:5      | Killed Blork the orc
  6443 | D:6      | Reached skill level 5 in Dodging
  6443 | D:6      | Reached XP level 9. HP: 64/64 MP: 10/12
  6963 | D:6      | Noticed Maggie
  6987 | D:6      | Killed Maggie
  7416 | D:6      | Found a runed translucent door.
  7417 | D:6      | Noticed Crazy Yiuf
  7425 | D:6      | Killed Crazy Yiuf
  7484 | D:6      | Killed a two-headed ogre
  7527 | D:7      | Reached skill level 5 in Ranged Weapons
  7541 | D:7      | Found a staircase to the Ecumenical Temple.
  7550 | Temple   | Entered the Ecumenical Temple
  7550 | Temple   | Found a transporter.
  7550 | Temple   | Found a transporter.
  7552 | Temple   | Found a transporter.
  7552 | Temple   | Found a transporter.
  7565 | Temple   | Became a worshipper of Hepliaklqana the Forgotten
  7610 | D:7      | Reached XP level 10. HP: 72/72 MP: 14/14
  7615 | D:7      | Reached skill level 6 in Ranged Weapons
  7698 | D:7      | Found a flagged portal.
  7715 | Bailey   | Entered a bailey
  8071 | Bailey   | Noticed an orc knight
  8091 | Bailey   | Killed an orc knight
  8178 | Bailey   | Found an iron altar of Okawaru.
  8544 | D:7      | Reached skill level 7 in Ranged Weapons
  8668 | D:7      | Learned a level 2 spell: Blink
  8933 | D:8      | Reached skill level 1 in Translocations
  9088 | D:8      | Reached * piety under Hepliaklqana
  9161 | D:8      | Reached skill level 1 in Summonings
 10063 | D:9      | Found a stormy altar of Qazlal.
 10079 | D:9      | Reached XP level 11. HP: 47/72 MP: 9/15
 10339 | D:9      | Reached skill level 8 in Ranged Weapons
 10340 | D:9      | HP: 5/108 [something (6)]
 10688 | D:9      | Noticed Erica
 10697 | D:9      | Killed Erica
 10862 | D:9      | Found a staircase to the Orcish Mines.
 10967 | D:9      | Reached skill level 10 in Fighting
 11016 | D:9      | Found a burning altar of Makhleb.
 11346 | D:9      | Reached ** piety under Hepliaklqana
 11347 | D:9      | Remembered your ancestor Actual Yermak as a knight
 11492 | D:9      | Found a staircase to the Orcish Mines.
 11541 | D:9      | Found a burning altar of Makhleb.
 11576 | D:9      | Found a stormy altar of Qazlal.
 11888 | D:10     | Entered Level 10 of the Dungeon
 12215 | D:10     | Noticed a two-headed ogre
 12221 | D:10     | Killed a two-headed ogre
 12222 | D:10     | Reached skill level 9 in Ranged Weapons
 12461 | D:10     | Learned a level 3 spell: Call Canine Familiar
 12737 | D:10     | Found a runed translucent door.
 12738 | D:10     | Noticed Lemondrips's ghost (novice VSBe)
 12900 | D:10     | Found a snail-covered altar of Cheibriados.
 12901 | D:10     | Found an ancient bone altar of Kikubaaqudgha.
 12901 | D:10     | Found a bloodstained altar of Trog.
 12902 | D:10     | Found a basalt altar of Yredelemnul.
 13109 | D:11     | Noticed a two-headed ogre
 13115 | D:11     | Killed a two-headed ogre
 13116 | D:11     | Reached skill level 10 in Ranged Weapons
 13207 | D:11     | Reached XP level 12. HP: 20/78 MP: 5/18
 13589 | D:11     | Reached skill level 5 in Evocations
 13595 | D:11     | Found a staircase to the Lair.
 13598 | D:11     | Reached *** piety under Hepliaklqana
 13791 | D:11     | Identified the +6 rapier "Myrhyaf" {vorpal, Int+4}
 13838 | D:11     | Noticed Snorg
 13847 | D:11     | Killed Snorg
 14292 | D:11     | Noticed Lodul
 14297 | D:11     | Killed Lodul
 14494 | Lair:1   | Entered Level 1 of the Lair of Beasts
 14774 | Lair:1   | Reached skill level 11 in Ranged Weapons
 14811 | Lair:1   | Identified the +2 leather armour "Qeace" {-Tele Str+4
                  | Dex+6}
 15040 | Lair:1   | Reached **** piety under Hepliaklqana
 15079 | Lair:1   | Noticed a death yak
 15079 | Lair:1   | Noticed a death yak
 15120 | Lair:1   | Reached skill level 1 in Invocations
 15152 | Lair:1   | Noticed a death yak
 15153 | Lair:1   | Noticed a death yak
 15180 | Lair:1   | Killed a death yak
 15194 | Lair:1   | Killed a death yak
 15202 | Lair:1   | Killed a death yak
 15203 | Lair:1   | Killed a death yak
 15754 | Lair:2   | Noticed a four-headed hydra
 15754 | Lair:2   | Found a hole to the Spider Nest.
 15757 | Lair:2   | Killed a four-headed hydra
 15760 | Lair:2   | Noticed Harold
 15767 | Lair:2   | Killed Harold
 15884 | Lair:2   | Noticed Prince Ribbit
 15889 | Lair:2   | Killed Prince Ribbit
 15890 | Lair:2   | Reached XP level 13. HP: 86/86 MP: 19/19
 15944 | Lair:2   | Reached skill level 12 in Ranged Weapons
 15953 | Lair:2   | Reached skill level 5 in Invocations
 16227 | Lair:2   | Found a staircase to the Shoals.
 16546 | Lair:3   | Found a dark tunnel.
 16552 | Volcano  | Entered a volcano
 16643 | Volcano  | Reached ***** piety under Hepliaklqana
 16746 | Lair:3   | Identified the +7 falchion "Solopal" {vorpal, Str+3}
 16880 | Lair:3   | Found a runed translucent gate.
 16881 | Lair:3   | Found a runed translucent gate.
 16889 | Lair:3   | Found a runed translucent gate.
 16890 | Lair:3   | Noticed Ixoagrun's ghost (journeyman MiFi)
 18074 | Lair:4   | Found a gate leading to a gauntlet.
 18112 | Gauntlet | Entered a Gauntlet
 18112 | Gauntlet | Found a transporter.
 18112 | Gauntlet | Found a transporter.
 18266 | Gauntlet | Found a transporter.
 18266 | Gauntlet | Found a transporter.
 18272 | Gauntlet | Noticed a dire elephant
 18290 | Gauntlet | Found a transporter.
 18294 | Gauntlet | Found a transporter.
 18294 | Gauntlet | Found a transporter.
 18300 | Gauntlet | Found a transporter.
 18308 | Gauntlet | Found a transporter.
 18310 | Gauntlet | Noticed a frost giant
 18311 | Gauntlet | Noticed a sphinx
 18311 | Gauntlet | a frost giant changed into a sphinx
 18312 | Gauntlet | Noticed a ghost moth
 18314 | Gauntlet | Found a transporter.
 18314 | Gauntlet | a sphinx changed into an alligator snapping turtle
 18315 | Gauntlet | Noticed a quicksilver ooze
 18315 | Gauntlet | a ghost moth changed into a quicksilver ooze
 18318 | Gauntlet | Noticed a quicksilver dragon
 18318 | Gauntlet | an alligator snapping turtle changed into a quicksilver
                  | dragon
 18322 | Gauntlet | Noticed a sphinx
 18322 | Gauntlet | a quicksilver dragon changed into a sphinx
 18326 | Gauntlet | Noticed a dire elephant
 18326 | Gauntlet | a sphinx changed into a dire elephant
 18327 | Gauntlet | Noticed a frost giant
 18327 | Gauntlet | a dire elephant changed into a frost giant
 18333 | Gauntlet | Noticed an azure jelly
 18335 | Gauntlet | Noticed a dire elephant
 18335 | Gauntlet | an azure jelly changed into a dire elephant
 18338 | Gauntlet | Noticed a storm dragon
 18338 | Gauntlet | a dire elephant changed into a storm dragon
 18342 | Gauntlet | a storm dragon changed into a seven-headed hydra
 18347 | Gauntlet | Noticed a storm dragon
 18347 | Gauntlet | a death yak changed into a storm dragon
 18348 | Gauntlet | Noticed a ghost moth
 18348 | Gauntlet | a storm dragon changed into a ghost moth
 18384 | Gauntlet | Found a transporter.
 18399 | Gauntlet | Found a transporter.
 18415 | Gauntlet | Found a transporter.
 18415 | Gauntlet | Found the -2 hat of the Alchemist {rElec rPois rF+ rC+ rN+
                  | Will+ rMut rCorr}
 18505 | Gauntlet | Found a transporter.
 18515 | Gauntlet | Found a transporter.
 18529 | Gauntlet | Found a transporter.
 18803 | Gauntlet | Noticed a spark wasp
 18807 | Gauntlet | Noticed a frost giant
 18809 | Gauntlet | Killed a spark wasp
 18809 | Gauntlet | Noticed a quicksilver dragon
 18809 | Gauntlet | a frost giant changed into a quicksilver dragon
 18819 | Gauntlet | Killed a quicksilver dragon
 19025 | Gauntlet | Gained mutation: You occasionally shout uncontrollably at
                  | your foes. [potion of mutation]
 19026 | Gauntlet | Identified the +11 scimitar of Pemaraapod {freeze, rPois}
 19026 | Gauntlet | Noticed a minotaur
 19047 | Gauntlet | Killed a minotaur
 19065 | Gauntlet | Identified the amulet "Kelu" {Faith Harm}
 20215 | Lair:4   | Reached XP level 14. HP: 93/93 MP: 20/20
 20297 | Lair:4   | Reached skill level 13 in Ranged Weapons
 20501 | Lair:5   | Entered Level 5 of the Lair of Beasts
 20799 | Lair:5   | Noticed Josephine
 20811 | Lair:5   | Killed Josephine
 21250 | Lair:5   | Found a viscous altar of Jiyva.
 21250 | Lair:5   | Found a staircase to the Slime Pits.
 22144 | Lair:5   | Reached skill level 14 in Ranged Weapons
 22641 | Orc:1    | Entered Level 1 of the Orcish Mines
 22719 | Orc:2    | Entered Level 2 of the Orcish Mines
 22731 | Orc:2    | Noticed Donald
 22735 | Orc:2    | Noticed an orc warlord
 23023 | Orc:1    | Reached XP level 15. HP: 101/101 MP: 21/21
 23029 | Orc:1    | Learned a level 4 spell: Iskenderun's Mystic Blast
 23083 | D:10     | Killed Lemondrips's ghost
 23251 | D:12     | Reached skill level 1 in Conjurations
 23336 | D:12     | Reached ****** piety under Hepliaklqana
 24377 | D:13     | Found a gate to the Vaults.
 25083 | D:13     | Reached skill level 5 in Translocations
 25087 | D:13     | Reached skill level 5 in Conjurations
 25445 | D:14     | Found a glowing silver altar of Zin.
 25481 | Abyss:2  | Cast into level 2 of the Abyss (a wizard)
 25495 | Abyss:2  | Reached XP level 16. HP: 97/107 MP: 18/22
 25548 | Abyss:2  | Found a broken altar of Ashenzari.
 25589 | Abyss:2  | Found a broken altar of Ashenzari.
 25589 | Abyss:2  | Found a broken altar of Ashenzari.
 25810 | Abyss:2  | Noticed a tentacled starspawn
 25823 | Abyss:2  | Killed a tentacled starspawn
 25881 | Abyss:2  | Noticed a lich
 25894 | Abyss:2  | Killed a lich
 25895 | Abyss:2  | Reached skill level 5 in Spellcasting
 25967 | Abyss:2  | Reached skill level 15 in Ranged Weapons
 25970 | D:14     | Escaped the Abyss
 26318 | D:14     | Found a portal to a secret trove of treasure.
 26820 | D:15     | Entered Level 15 of the Dungeon
 27325 | D:15     | Reached skill level 16 in Ranged Weapons
 27356 | D:15     | Found a staircase to the Depths.
 27420 | D:15     | Noticed Roxanne
 27457 | D:15     | Killed Roxanne
 27537 | D:15     | Found an opulent altar of Gozag.
 27578 | D:15     | Identified the +5 ring mail "Puuzxer" {Drain rCorr Str+2}
 27734 | Orc:1    | Slain by Donald

Illustrated notes

Levels and vault maps discovered:
D:1:      roderic_dead_forest, layout_rooms,
          shapermc_ecumenical_altar_mp_ritualfount, serial_shops, shop,
          nicolae_shop_waterfront, shop
D:2:      layout_rooms, basic_altar
D:3:      minmay_general_purpose_star, layout_rooms, minmay_hedge_maze
D:4:      minmay_goblin_kobold_castle, layout_rooms,
          lemuel_coloured_pillars_altar, uniq_grinder, uniq_ijyb
D:5:      layout_basic, kennysheep_generic_room_9, uniq_blork_the_orc,
          uniq_duvessa
D:6:      lemuel_ice_spiral_2, layout_basic, uniq_crazy_yiuf_cottage,
          uniq_maggie
D:7:      layout_loops_ring, temple_hall, enter_bailey_5
D:8:      layout_loops_ring, special_room [special_room_orc]
D:9:      layout_cave_pools, mainiacjoe_overflow_catch_the_wave,
          zombieorc1_lemuel, uniq_erica
D:10:     layout_irregular_city, chequers_temple_overflow_statue_of_worship,
          gammafunk_ghost_grave
D:11:     layout_stronghold, minmay_lair_entry_grove, uniq_snorg, uniq_lodul
D:12:     layout_stronghold
D:13:     layout_grid_maze, david_vaults_5
D:14:     layout_roguey, nicolae_trove_entry_isolated, zin_statuary
D:15:     grunt_enter_depths_magical_seal, layout_long_grid, lemuel_round_altar,
          uniq_roxanne
Temple:   hellmonk_temple_divided_pantheon
Lair:1:   layout_hall_layers, infiniplex_staircase_pool_2
Lair:2:   layout_chaotic_city, elwin_shoals_entry_rooms,
          spider_nest_entry_web_field, worms_lemuel, serial_bayou_shore_b,
          infiniplex_staircase_pool, uniq_prince_ribbit2, uniq_harold
Lair:3:   layout_cave_shapes, enter_volcano_4, gammafunk_ghost_split,
          lemuel_fruit_tree
Lair:4:   layout_cave_pods, gauntlet_entry_generic
Lair:5:   grunt_lair_end_beastmaster, layout_loops_ring,
          nicolae_slime_entry_slimehenge, uniq_josephine
Orc:1:    layout_caves, ebering_ghost_gozag, serial_shops, shop
Orc:2:    st_orc_elflike, layout_caves, lemuel_statue_altar, uniq_donald

Skill      XL: |  1  2  3  4  5  6  7  8  9 10 11 12 13 14 15 16 |
---------------+-------------------------------------------------+-----
Fighting       | 3 4 5 6 7 8 9 10 11 12 14 | 14.0
Ranged Weapons | 1 2 3 4 5 7 10 11 12 14 16 | 16.0
Spellcasting   | 1 2 3 4 5 |  5.0
Evocations     | 1 2 3 4 6 7 |  7.0
Long Blades    | 1 2 3 4 |  4.9
Dodging        | 3 5 6 7 8 9 |  9.8
Stealth        | 6 7 8 |  8.0
Translocations | 2 3 5 6 |  6.1
Summonings     | 4 |  4.0
Invocations    | 4 7 8 |  8.3
Conjurations   | 5 6 |  6.1
Short Blades   | |  2.0
Throwing       | |  2.0

Action                   |  1- 3 |  4- 6 |  7- 9 | 10-12 | 13-15 | 16-18 || total
-------------------------+-------+-------+-------+-------+-------+-------++-------
Melee: Dagger            |    25 |     2 |    10 |     6 |     2 |       ||    45
       Constrict         |    10 |    11 |    27 |    40 |     4 |       ||    92
       Tentacles         |     7 |     7 |    22 |    53 |     4 |       ||    93
       Mace              |    17 |    12 |       |       |       |       ||    29
       Morningstar       |       |     7 |     9 |    50 |    16 |       ||    82
       Dire flail        |       |     4 |       |       |       |       ||     4
       Long sword        |       |    18 |    79 |   160 |     1 |       ||   258
       Punch             |       |     1 |       |     1 |     1 |       ||     3
       Falchion          |       |       |       |       |    17 |       ||    17
       Scimitar          |       |       |       |       |     4 |     2 ||     6
 Fire: Sling             |    42 |    95 |   150 |       |       |       ||   287
       Shortbow          |       |       |    42 |   237 |       |       ||   279
       Arbalest          |       |       |       |   158 |    36 |       ||   194
       Longbow           |       |       |       |       |   580 |   234 ||   814
Throw: Dart              |     1 |     1 |    24 |    35 |    25 |       ||    86
 Cast: Call Canine Famil |       |       |       |       |     2 |     1 ||     3
       Blink             |       |       |       |       |     1 |     1 ||     2
       Iskenderun's Myst |       |       |       |       |     3 |     4 ||     7
Invok: Ancestor Identity |       |       |       |     1 |       |       ||     1
       Ancestor Life: Kn |       |       |       |     1 |       |       ||     1
       Recall Ancestor   |       |       |       |       |     7 |       ||     7
       Idealise          |       |       |       |       |     1 |       ||     1
Evoke: Wand              |       |     1 |     2 |     1 |    16 |     1 ||    21
       Condenser vane    |       |       |       |       |     2 |     1 ||     3
  Use: Potion            |       |     1 |     2 |     1 |    10 |     2 ||    16
       Scroll            |       |     5 |     4 |     3 |    14 |       ||    26
 Stab: Sleeping          |     3 |     2 |     3 |     5 |     3 |       ||    16
       Distracted        |       |       |     1 |     2 |       |       ||     3
       Petrified         |       |       |       |       |     3 |       ||     3
Armor: Skin              |     4 |     3 |     2 |     5 |     1 |       ||    15
Dodge: Dodged            |    36 |    35 |   104 |   221 |   207 |    56 ||   659
